 Dungeon Crawl Stone Soup version 0.31.0-1-g2c135a0 (webtiles) character file.

Game seed: 4277365403399788976

255494 jagoly the Severer (level 18, -12/122 HPs)
             Began as a Gargoyle Monk on Feb 2, 2024.
             Was an Elder of the Shining One (penitent).
             Mangled by a rockslime (25 damage)
             ... created by the Royal Jelly
             ... on level 5 of the Pits of Slime.
             The game lasted 03:44:43 (16024 turns).

jagoly the Severer (Gargoyle Monk)                 Turns: 16024, Time: 03:44:44

Health: -12/122    AC: 40    Str: 22    XL:     18   Next: 85%
Magic:  19/27      EV: 12    Int: 12    God:    the Shining One [****..]
Gold:   1307       SH: 15    Dex: 15    Spells: 17/17 levels left

rFire   + + .        a - +1 war axe "Demonbane" {speed, rC+ Dex+2}
rCold   + . .        l - +2 kite shield {AC+3}
rNeg    + + +        J - +9 chain mail of the Fletcher {-Cast rElec rCorr}
rPois   ∞            x - +0 helmet
rElec   +            S - scarf {rC+ rF+}
rCorr   +            v - +0 pair of gloves
SInv    .            y - +1 pair of boots
Will    +....        q - amulet "Lerchiy" {Acrobat *Slow rPois Regen+ Dex+3} Stlth
                     X - ring of fire
HPRegen 1.20/turn    h - ring of the Tortoise {AC+8}
MPRegen 0.20/turn

%: no spellcasting, random rage (3%), slow self (1%), acrobat
@: corroded, flying, hasted and slowed
A: sickness immunity, AC +13, big wings, negative energy resistance 1,
electricity resistance, torment resistance 1, petrification resistance, fangs 1,
berserk 1, clumsy 1, deformed body, inability to read after injury 1
}: 2/15 runes: decaying, serpentine
a: Renounce Religion


You were on level 5 of the Pits of Slime.
You worshipped the Shining One.
The Shining One was demanding penance.
You visited 6 branches of the dungeon, and saw 35 of its levels.
You also visited: Ossuary and Ice Cave.

You collected 3329 gold pieces.
You spent 2022 gold pieces at shops.

Inventory:

Hand Weapons
 a - the +1 war axe "Demonbane" (weapon) {speed, rC+ Dex+2}
   (You found it in an ice cave)

   Dex+2:     It affects your dexterity (+2).
   rC+:       It protects you from cold.
 b - the +8 trident of the Unliving {flame, Int+4}
   (You bought it in a shop on level 2 of the Orcish Mines)

   Int+4:     It affects your intelligence (+4).
Missiles
 f - 6 poisoned darts
 t - 6 boomerangs (quivered)
 L - a curare-tipped dart
 M - 5 javelins
 N - a silver javelin
Armour
 l - a +2 kite shield of protection (worn)
 v - a +0 pair of gloves (worn)
 x - a +0 helmet (worn)
 y - a +1 pair of boots (worn)
 J - the +9 chain mail of the Fletcher (worn) {-Cast rElec rCorr}
   (You found it on level 12 of the Dungeon)

   rElec:     It insulates you from electricity.
   -Cast:     It prevents spellcasting.
   rCorr:     It protects you from acid and corrosion.
 S - a scarf of resistance (worn)
Jewellery
 h - the ring of the Tortoise (right hand) {AC+8}
   (You bought it in a shop on level 2 of the Orcish Mines)

   [ring of protection]

   AC+8:      It affects your AC (+8).
 q - the amulet "Lerchiy" (around neck) {Acrobat *Slow rPois Regen+ Dex+3}
   (You found it on level 12 of the Dungeon)

   [amulet of the acrobat]

   Acrobat:   It increases your evasion while moving and waiting.
   Dex+3:     It affects your dexterity (+3).
   rPois:     It protects you from poison Regen+: It increases your rate of
   health regeneration.
   *Slow:     It may slow you when you take damage.
 X - a ring of fire (left hand)
 Z - a +6 ring of dexterity
Wands
 i - a wand of acid (1)
 B - a wand of digging (6)
 D - a wand of charming (6)
 U - a wand of roots (3)
Scrolls
 e - 13 scrolls of teleportation
 m - a scroll of butterflies
 n - 3 scrolls of blinking
 s - 5 scrolls of fog
 u - a scroll of silence {unknown}
 A - 5 scrolls of immolation
 C - 5 scrolls of revelation
 F - a scroll of enchant armour {unknown}
 H - 4 scrolls of poison
 K - 5 scrolls of fear
 Q - 2 scrolls of brand weapon {unknown}
 T - a scroll of enchant weapon {unknown}
Potions
 c - a potion of ambrosia
 g - a potion of curing
 o - a potion of cancellation {unknown}
 p - a potion of might {unknown}
 r - a potion of haste
 E - 2 potions of brilliance
 G - 2 potions of heal wounds
 I - 3 potions of mutation
 P - 2 potions of berserk rage
 V - 4 potions of enlightenment
 Y - a potion of magic {unknown}
Miscellaneous
 j - a sack of spiders (inert)
 w - a phantom mirror (inert)


   Skills:
 + Level 16.5 Fighting
 * Level 16.7 Axes
 - Level 6.0 Throwing
 + Level 14.6 Armour
 + Level 8.6 Dodging
 + Level 14.6 Shields
 - Level 12.0 Invocations
 - Level 4.0 Evocations


You had 17 spell levels left.
You didn't know any spells.
Your spell library contained the following spells:

 Spells                   Type           Power      Damage    Failure   Level
 Freeze                   Ice            0%         1d3       90%         1
 Sting                    Conj/Alch      0%         1d3       90%         1
 Mercury Vapours          Alch/Air       0%         N/A       97%         2
 Frozen Ramparts          Ice            0%         1d1       99%         3
 Fugue of the Fallen      Necr           0%         N/A       99%         3
 Hailstorm                Conj/Ice       0%         3d5       99%         3
 Inner Flame              Hex/Fire       0%         N/A       99%         3
 Ozocubu's Armour         Ice            0%         N/A       99%         3
 Flame Wave               Conj/Fire      0%         2d4       100%        4
 Manifold Assault         Tloc           0%         N/A       100%        4
 Olgreb's Toxic Radiance  Alch           0%         N/A       100%        4
 Sticky Flame             Fire/Alch      0%         2d4       100%        4
 Metabolic Englaciation   Hex/Ice        0%         N/A       100%        5
 Conjure Ball Lightning   Conj/Air       0%         3x3d6     100%        6
 Dispersal                Tloc           0%         N/A       100%        6
 Sculpt Simulacrum        Ice/Alch       0%         N/A       100%        6
 Discord                  Hex            0%         N/A       100%        8
 Disjunction              Tloc           0%         N/A       100%        8


Dungeon Overview and Level Annotations

Branches:
Dungeon (15/15) Zot: 26363  Temple (0/1) D:5            Lair (5/5) D:11 Zot: 25145
  Swamp (4/4) Lair:2 Zot: 23027   Snake (4/4) Lair:3 Zot: 22516   Slime (5/5) Lair:5 Zot: 26725
    Orc (2/2) D:12 Zot: 10814     Elf (0/3) Orc:2        Vaults (0/5) D:14
Ossuary (visited)           IceCv (visited)
 Depths: D:15

Altars:
Ashenzari
Dithmenos
Elyvilon
Hepliaklqana
Makhleb
Ru
Trog
The Shining One
Jiyva
Lugonu

Shops:
D:7 (   D:8 (   Orc:2 ([:*   Snake:4 (

Portals:
Abyss: Lair:5

Annotations:
D:12 3 runed translucent doors
Swamp:4 1 runed translucent door, jagoly's ghost, adept GrMo
Slime:5 Royal Jelly


Innate Abilities, Weirdness & Mutations

You are immune to sickness and miasma.
Your stone body is resilient. (AC +13)
You are immune to poison.
Your large and strong wings let you fly.
You resist negative energy. (rN+)
You are resistant to electric shocks. (rElec)
You are resistant to unholy torment.
You are immune to petrification.
You have very sharp teeth.
You sometimes lose your temper in combat.
You are clumsy. (Dex -2)
Armour fits poorly on your strangely shaped body.
You occasionally lose the ability to read scrolls when taking damage.


Message History

Aim: a slime creature (severely wounded, haloed, about 3% to evade the +1 war axe "Demonbane")
You hit the slime creature but do no damage.
You bite the slime creature, but do no damage.
The slime creature is severely wounded.
Cleave: a) +1 war axe "Demonbane" {speed, rC+ Dex+2}
Press: ? - help, Dir - move target, f/p - slime creature
Aim: a slime creature (severely wounded, haloed, about 3% to evade the +1 war axe "Demonbane")
You hit the slime creature.
You bite the slime creature, but do no damage.
The slime creature is severely wounded.
Your extra speed is starting to run out.
The slime creature hits you.
* * * LOW HITPOINT WARNING * * *
Cleave: a) +1 war axe "Demonbane" {speed, rC+ Dex+2}
Press: ? - help, Dir - move target, f/p - slime creature
Aim: a slime creature (severely wounded, haloed, about 3% to evade the +1 war axe "Demonbane")
You slash the slime creature!
You bite the slime creature, but do no damage.
The slime creature is severely wounded.
Cleave: a) +1 war axe "Demonbane" {speed, rC+ Dex+2}
Press: ? - help, Dir - move target, f/p - slime creature
Aim: a slime creature (severely wounded, haloed, about 3% to evade the +1 war axe "Demonbane")
You hit the slime creature.
You bite the slime creature, but do no damage.
The slime creature is almost dead.
You block the slime creature's attack.
Cleave: a) +1 war axe "Demonbane" {speed, rC+ Dex+2}
Press: ? - help, Dir - move target, f/p - slime creature
Aim: a slime creature (almost dead, haloed, about 3% to evade the +1 war axe "Demonbane")
You hit the slime creature but do no damage.
The slime creature is almost dead.
You hit the slime creature but do no damage.
Cleave: a) +1 war axe "Demonbane" {speed, rC+ Dex+2}
Press: ? - help, Dir - move target, f/p - slime creature
Aim: a slime creature (almost dead, haloed, about 3% to evade the +1 war axe "Demonbane")
A red film seems to cover your vision as you go berserk!
You feel yourself moving faster!
You feel mighty!
You hit the slime creature but do no damage.
You bite the slime creature!
The slime creature is almost dead.
You slash the slime creature!
Cleave: a) +1 war axe "Demonbane" {speed, rC+ Dex+2}
Press: ? - help, Dir - move target, f/p - slime creature
Aim: a slime creature (almost dead, haloed, about 3% to evade the +1 war axe "Demonbane")
You slash the slime creature!
You kill the slime creature!
You slash the slime creature! The slime creature closely misses you.
Cleave: a) +1 war axe "Demonbane" {speed, rC+ Dex+2}
Press: ? - help, Dir - move target, f - slime creature
Aim: a slime creature (moderately wounded, haloed, about 3% to evade the +1 war axe "Demonbane")
You hit the slime creature but do no damage.
The slime creature is moderately wounded.
Cleave: a) +1 war axe "Demonbane" {speed, rC+ Dex+2}
Press: ? - help, Dir - move target, f/p - slime creature
Aim: a slime creature (moderately wounded, haloed, about 3% to evade the +1 war axe "Demonbane")
You hit the slime creature but do no damage.
The slime creature is moderately wounded.
Cleave: a) +1 war axe "Demonbane" {speed, rC+ Dex+2}
Press: ? - help, Dir - move target, f/p - slime creature
Aim: a slime creature (moderately wounded, haloed, about 3% to evade the +1 war axe "Demonbane")
You slash the slime creature!
You bite the slime creature, but do no damage.
The slime creature is moderately wounded.
You block the slime creature's attack.
Cleave: a) +1 war axe "Demonbane" {speed, rC+ Dex+2}
Press: ? - help, Dir - move target, f/p - slime creature
Aim: a slime creature (moderately wounded, haloed, about 3% to evade the +1 war axe "Demonbane")
You slice the slime creature!!
The slime creature is severely wounded.
You slash the slime creature!
Cleave: a) +1 war axe "Demonbane" {speed, rC+ Dex+2}
Press: ? - help, Dir - move target, f/p - slime creature
Aim: a slime creature (severely wounded, haloed, about 3% to evade the +1 war axe "Demonbane")
You hit the slime creature.
You bite the slime creature, but do no damage.
The slime creature is severely wounded.
You hit the slime creature.
You block the slime creature's attack. x2
Cleave: a) +1 war axe "Demonbane" {speed, rC+ Dex+2}
Press: ? - help, Dir - move target, f/p - slime creature
Aim: a slime creature (severely wounded, haloed, about 3% to evade the +1 war axe "Demonbane")
You slice the slime creature!!
You kill the slime creature!
You hit the slime creature but do no damage.
Cleave: a) +1 war axe "Demonbane" {speed, rC+ Dex+2}
Press: ? - help, Dir - move target, f - slime creature
Aim: a slime creature (lightly wounded, haloed, about 3% to evade the +1 war axe "Demonbane")
You hit the slime creature but do no damage.
The slime creature is lightly wounded.
Cleave: a) +1 war axe "Demonbane" {speed, rC+ Dex+2}
Press: ? - help, Dir - move target, f/p - slime creature
Aim: a slime creature (lightly wounded, haloed, about 3% to evade the +1 war axe "Demonbane")
You slash the slime creature!
You bite the slime creature, but do no damage.
The slime creature is heavily wounded.
The slime creature barely misses you.
Cleave: a) +1 war axe "Demonbane" {speed, rC+ Dex+2}
Press: ? - help, Dir - move target, f/p - slime creature
Aim: a slime creature (heavily wounded, haloed, about 3% to evade the +1 war axe "Demonbane")
You slash the slime creature!
You bite the slime creature, but do no damage.
The slime creature is severely wounded.
Cleave: a) +1 war axe "Demonbane" {speed, rC+ Dex+2}
Press: ? - help, Dir - move target, f/p - slime creature
Aim: a slime creature (severely wounded, haloed, about 3% to evade the +1 war axe "Demonbane")
You slash the slime creature!
The slime creature is almost dead.
Cleave: a) +1 war axe "Demonbane" {speed, rC+ Dex+2}
Press: ? - help, Dir - move target, f/p - slime creature
Aim: a slime creature (almost dead, haloed, about 3% to evade the +1 war axe "Demonbane")
You slash the slime creature!
You kill the slime creature!
You feel a strong urge to attack something.
M - 5 javelins (gained 2)
You feel your anger nearly subside.
You are no longer berserk.
You are exhausted.
You feel yourself slow down.
N - a silver javelin
Okay, then.
You are confused.
You feel invigorated.
You feel less invigorated.
You feel less confused.
Your divine shield fades away.
The Royal Jelly comes into view.
The Royal Jelly quivers.
Aiming: Phantom Mirror
Press: ? - help, Dir - move target, f - Royal Jelly
Aim: the Royal Jelly (haloed)
You reflect the Royal Jelly with the mirror!
The mirror clouds!
You feel yourself speed up.
The Royal Jelly hits your Royal Jelly!! x2
Your Royal Jelly hits the Royal Jelly!!
The Royal Jelly shudders vigorously.
The Royal Jelly spits out two more jellies.
Your Royal Jelly hits the Royal Jelly!
The Royal Jelly shudders.
The Royal Jelly spits out another jelly.
The Royal Jelly hits your Royal Jelly!! The Royal Jelly hits your Royal Jelly.
Your Royal Jelly hits the Royal Jelly!
The Royal Jelly shudders.
The Royal Jelly spits out another jelly.
Your Royal Jelly barely misses the Royal Jelly.
The Royal Jelly hits your Royal Jelly.
The Royal Jelly hits your Royal Jelly but does no damage.
Your Royal Jelly hits the Royal Jelly!
The Royal Jelly shudders vigorously.
The Royal Jelly spits out two more jellies.
Your Royal Jelly hits the Royal Jelly!
The acid blob hits your Royal Jelly!!
Your Royal Jelly hits the acid blob!!
Your Royal Jelly hits the acid blob!
The acid blob completely misses your Royal Jelly.
Your Royal Jelly hits the acid blob.
Your Royal Jelly hits the acid blob!
The acid blob hits your Royal Jelly.
Your Royal Jelly hits the acid blob! x2
As you read the scroll of immolation, it crumbles to dust.
The creatures around you are filled with an inner flame!
Your Royal Jelly hits the acid blob but does no damage.
Your Royal Jelly hits the acid blob!!
Flame seeps out of the acid blob.
The acid blob is engulfed in blazing flames.
That felt strangely unrewarding.
The acid blob explodes!
You feel very guilty. "You will pay for your transgression, mortal!"
Your divine halo fades away.
The fiery explosion engulfs your Royal Jelly!!
Flame seeps out of your Royal Jelly.
Your Royal Jelly is heavily wounded.
The fiery explosion engulfs the rockslime.
The rockslime resists.
Flame seeps out of the rockslime.
The rockslime is lightly wounded.
Your Royal Jelly shimmers and vanishes!
Cleave: a) +1 war axe "Demonbane" {speed, rC+ Dex+2}
Press: ? - help, Dir - move target, f - azure jelly, p - Royal Jelly
Aim: an azure jelly (inner flame, about 26% to evade the +1 war axe "Demonbane")
Okay, then.
Okay, then.
Okay, then.
Unknown command.
Okay, then.
Okay, then.
You feel yourself speed up.
The quicksilver ooze completely misses you.
The quicksilver ooze misses you.
The azure jelly hits you but does no damage.
You block the azure jelly's attack.
The azure jelly hits you but does no damage.
You block the azure jelly's attack.
Okay, then.
You barely miss the Royal Jelly.
The Royal Jelly is moderately wounded.
You hit the rockslime but do no damage. You hit the azure jelly.
Flame seeps out of the azure jelly.
The azure jelly is engulfed in blazing flames.
Flame seeps out of the azure jelly.
You block the azure jelly's attack. x2
The azure jelly hits you but does no damage.
You block the azure jelly's attack.
A great orb of eyes comes into view.
You hit the Royal Jelly.
Flame seeps out of the Royal Jelly.
Your hands burn!
The Royal Jelly is moderately wounded.
You hit the rockslime but do no damage. You barely miss the azure jelly.
You are no longer corroded.
An acid blob comes into view.
The Royal Jelly is engulfed in blazing flames.
Flame seeps out of the Royal Jelly.
You block the Royal Jelly's attack. The Royal Jelly barely misses you.
You hit the Royal Jelly but do no damage.
Your hands burn!
You bite the Royal Jelly, but do no damage.
The Royal Jelly is moderately wounded.
You hit the rockslime but do no damage. You slash the azure jelly!
Flame seeps out of the azure jelly.
You slice the Royal Jelly!!
Flame seeps out of the Royal Jelly.
Your hands burn!
The Royal Jelly is moderately wounded.
You hit the rockslime but do no damage. You barely miss the acid blob.
The Royal Jelly shudders vigorously.
The Royal Jelly spits out two more jellies.
You block the rockslime's attack.
The Royal Jelly is engulfed in blazing flames.
Flame seeps out of the Royal Jelly.
You block the Royal Jelly's attack.
The Royal Jelly shudders.
The Royal Jelly spits out another jelly.
You block the Royal Jelly's attack.
The great orb of eyes is engulfed in blazing flames.
You hit the Royal Jelly but do no damage.
Your hands burn!
The Royal Jelly is heavily wounded.
You barely miss the rockslime. You slash the quicksilver ooze!
You slash the acid blob!
Flame seeps out of the acid blob.
Your hands burn!
You hit the acid blob.
Your hands burn!
You hit the Royal Jelly.
Flame seeps out of the Royal Jelly.
Your hands burn!
The Royal Jelly is heavily wounded.
You hit the acid blob but do no damage.
Your hands burn!
You hit the rockslime but do no damage. You barely miss the quicksilver ooze.
You hit the acid blob.
Flame seeps out of the acid blob.
Your hands burn!
The Royal Jelly shudders.
The Royal Jelly spits out another jelly.
The quicksilver ooze hits you. The quicksilver ooze engulfs you!
The quicksilver ooze barely misses you. The rockslime misses you.
Okay, then.
You slash the quicksilver ooze!
The quicksilver ooze is heavily wounded.
You hit the rockslime but do no damage. You hit the acid blob.
Flame seeps out of the acid blob.
Your hands burn!
You completely miss the rockslime. You hit the acid blob.
Your hands burn!
The acid blob is engulfed in blazing flames.
The acid blob barely misses you.
A great orb of eyes comes into view.
You block the quicksilver ooze's attack.
The quicksilver ooze hits you but does no damage.
The acid blob is engulfed in blazing flames.
Flame seeps out of the acid blob.
You block the acid blob's attack.
You barely miss the quicksilver ooze.
The quicksilver ooze is heavily wounded.
You hit the rockslime.
Flame seeps out of the rockslime.
You slash the acid blob!
Your hands burn!
You hit the rockslime but do no damage. You hit the acid blob.
Flame seeps out of the acid blob.
Your hands burn!
You recover from your berserk rage.
The rockslime barely misses you.
You hit the quicksilver ooze.
The quicksilver ooze is severely wounded.
You hit the rockslime but do no damage. You slash the acid blob!
Your hands burn!
You slash the quicksilver ooze! You hit the rockslime but do no damage.
You slash the acid blob!
Flame seeps out of the acid blob.
Your hands burn!
The quicksilver ooze hits you.
The quicksilver ooze hits you but does no damage.
The acid blob jiggles.
The acid blob spits acid at you. The splash of acid hits you! You resist.
The acid blob is engulfed in blazing flames.
You barely miss the quicksilver ooze.
The quicksilver ooze is heavily wounded.
You slash the rockslime!
Flame seeps out of the rockslime.
You hit the acid blob.
Your hands burn!
You completely miss the quicksilver ooze.
You hit the rockslime.
Flame seeps out of the rockslime.
You slash the acid blob!
Flame seeps out of the acid blob.
Your hands burn!
You block the quicksilver ooze's attack.
The quicksilver ooze hits you but does no damage.
You block the rockslime's attack.
The acid blob is engulfed in blazing flames.
Flame seeps out of the acid blob.
You block the acid blob's attack. The quicksilver ooze hits you.
The quicksilver ooze hits you but does no damage.
You slash the acid blob!
Flame seeps out of the acid blob.
Your hands burn!
You bite the acid blob, but do no damage.
The acid blob is almost dead.
You hit the rockslime but do no damage. You hit the acid blob.
Your hands burn!
You slash the quicksilver ooze! You hit the rockslime but do no damage.
You slash the quicksilver ooze! You block the rockslime's attack.
The acid blob hits you but does no damage.
You slice the acid blob!!
That felt strangely unrewarding.
You miss the quicksilver ooze. You hit the rockslime but do no damage.
You barely miss the quicksilver ooze. You hit the rockslime but do no damage.
You slash the acid blob!
Your hands burn!
The acid blob explodes!
The fiery explosion engulfs the quicksilver ooze!
You kill the quicksilver ooze!
That felt strangely unrewarding.
The ooze engulfing you falls away.
The fiery explosion engulfs the rockslime!
The rockslime resists.
Flame seeps out of the rockslime.
The rockslime is lightly wounded.
The fiery explosion engulfs the rockslime!
The rockslime resists.
Flame seeps out of the rockslime.
The rockslime is moderately wounded.
The fiery explosion engulfs the azure jelly!!
The azure jelly is burned terribly!
Flame seeps out of the azure jelly.
The azure jelly is heavily wounded.
The fiery explosion engulfs you! You resist.
The fiery explosion engulfs the quicksilver ooze!!!
The quicksilver ooze is almost dead.
The fiery explosion engulfs the acid blob!!
The acid blob is severely wounded.
You are engulfed in blazing flames.
You resist.
You block the quicksilver ooze's attack.
The quicksilver ooze hits you but does no damage.
You block the rockslime's attack.
You're wearing all the rings you can.
Remove which one? (? for menu, Esc to cancel) < or
Z - a +6 ring of dexterity > or
h - the ring of the Tortoise {AC+8} You remove your +6 ring of dexterity.
You feel clumsy.
You are engulfed in blazing flames.
You resist.
The azure jelly is engulfed in blazing flames.
Flame seeps out of the azure jelly.
The quicksilver ooze is engulfed in blazing flames.
You kill the quicksilver ooze!
That felt strangely unrewarding.
You feel more attuned to fire.
X - a ring of fire (left hand)
You are engulfed in blazing flames.
You resist. The quicksilver ooze hits you.
You block the quicksilver ooze's attack.
The acid blob is engulfed in blazing flames.
You block the acid blob's attack. You block the rockslime's attack.
You slash the azure jelly!
Flame seeps out of the azure jelly.
The azure jelly is almost dead.
You hit the rockslime but do no damage. You hit the acid blob but do no damage.
Your hands burn!
You slash the quicksilver ooze! You hit the rockslime.
Flame seeps out of the rockslime.
You are engulfed in blazing flames.
You resist.
The rockslime is engulfed in blazing flames.
Flame seeps out of the rockslime.
You block the rockslime's attack.
You block the quicksilver ooze's attack.
The quicksilver ooze hits you!
You feel your power leaking away.
You hit the azure jelly.
Flame seeps out of the azure jelly.
The azure jelly is almost dead.
You slash the quicksilver ooze! You barely miss the rockslime.
You slash the rockslime!
Flame seeps out of the rockslime.
You hit the acid blob but do no damage.
Your hands burn!
You are engulfed in blazing flames.
You resist.
The azure jelly is engulfed in blazing flames.
That felt strangely unrewarding.
The azure jelly explodes!
The fiery explosion engulfs the rockslime.
The rockslime resists.
Flame seeps out of the rockslime.
The rockslime is moderately wounded.
The fiery explosion engulfs the rockslime.
The rockslime completely resists.
The rockslime is heavily wounded.
The fiery explosion engulfs the acid blob!!
The acid blob is heavily wounded.
The fiery explosion engulfs you! You resist.
* * * LOW HITPOINT WARNING * * *
The fiery explosion engulfs the Royal Jelly!!
Flame seeps out of the Royal Jelly.
The Royal Jelly is heavily wounded.
The fiery explosion engulfs the acid blob!!
You kill the acid blob!
That felt strangely unrewarding.
The Royal Jelly shudders vigorously.
The Royal Jelly spits out two more jellies.
The great orb of eyes is engulfed in blazing flames. x2
The rockslime hits you!
* * * LOW HITPOINT WARNING * * *
You hold your ground!
The acid blob is engulfed in blazing flames.
The acid blob spits acid at you. The splash of acid hits you. You resist.
* * * LOW HITPOINT WARNING * * *
You slash the rockslime!
Flame seeps out of the rockslime.
The rockslime is severely wounded.
You hit the acid blob.
Your hands burn!
* * * LOW HITPOINT WARNING * * *
You hit the quicksilver ooze but do no damage.
You completely miss the rockslime.
You are engulfed in blazing flames.
You resist.
The Royal Jelly is engulfed in blazing flames.
Flame seeps out of the Royal Jelly.
The Royal Jelly shudders.
The Royal Jelly spits out another jelly.
The quicksilver ooze hits you. The quicksilver ooze engulfs you!
You block the quicksilver ooze's attack.
The rockslime barely misses you.
You barely miss the rockslime.
The rockslime is severely wounded.
You hit the Royal Jelly but do no damage.
Your hands burn!
* * * LOW HITPOINT WARNING * * *
You slash the acid blob! The acid corrodes you!
Your hands burn!
* * * LOW HITPOINT WARNING * * *
You completely miss the quicksilver ooze.
You hit the rockslime but do no damage.
You are engulfed in blazing flames.
You resist.
* * * LOW HITPOINT WARNING * * *
You feel yourself slow down.
The great orb of eyes is engulfed in blazing flames.
The acid blob is engulfed in blazing flames.
The acid blob hits you but does no damage.
The acid blob is engulfed in blazing flames.
You slash the rockslime!
Flame seeps out of the rockslime.
You bite the rockslime, but do no damage.
The rockslime is almost dead.
You barely miss the Royal Jelly. You hit the acid blob.
Your hands burn!
* * * LOW HITPOINT WARNING * * *
You hit the quicksilver ooze. You hit the rockslime but do no damage.
You are engulfed in blazing flames.
You resist.
You block the quicksilver ooze's attack.
The quicksilver ooze hits you but does no damage.
You block the Royal Jelly's attack. The Royal Jelly barely misses you.
The rockslime hits you!
* * * LOW HITPOINT WARNING * * *
You hold your ground!
You block the rockslime's attack.
You hit the rockslime but do no damage.
The rockslime is almost dead.
You slash the acid blob!
Your hands burn!
* * * LOW HITPOINT WARNING * * *
You completely miss the quicksilver ooze.
You barely miss the rockslime. You hit the Royal Jelly.
Flame seeps out of the Royal Jelly.
Your hands burn!
* * * LOW HITPOINT WARNING * * *
You are engulfed in blazing flames.
You resist.
You block the quicksilver ooze's attack.
The quicksilver ooze hits you but does no damage.
The acid blob is engulfed in blazing flames.
The rockslime is engulfed in blazing flames.
The acid blob is engulfed in blazing flames.
The acid blob hits you but does no damage.
The rockslime closely misses you. The rockslime misses you.
You hit the rockslime but do no damage.
You bite the rockslime, but do no damage.
The rockslime is almost dead.
You closely miss the quicksilver ooze. You hit the rockslime but do no damage.
You hit the acid blob.
Your hands burn!
* * * LOW HITPOINT WARNING * * *
You hit the acid blob. The acid corrodes you!
Your hands burn!
* * * LOW HITPOINT WARNING * * *
You are engulfed in blazing flames.
You resist.
* * * LOW HITPOINT WARNING * * *
You block the quicksilver ooze's attack.
The quicksilver ooze barely misses you.
The Royal Jelly is engulfed in blazing flames.
Flame seeps out of the Royal Jelly.
The Royal Jelly shudders.
The Royal Jelly spits out another jelly.
The quicksilver ooze is engulfed in blazing flames.
You hit the rockslime but do no damage.
You bite the rockslime, but do no damage.
The rockslime is almost dead.
You hit the rockslime but do no damage. You barely miss the acid blob.
You hit the rockslime but do no damage. You barely miss the quicksilver ooze.
You are engulfed in blazing flames.
You resist. The rockslime misses you.
You block the quicksilver ooze's attack. x2
You block the rockslime's attack.
The quicksilver ooze is engulfed in blazing flames.
You hit the rockslime but do no damage.
The rockslime is almost dead.
You hit the acid blob.
You kill the acid blob!
You hit the rockslime but do no damage. You barely miss the quicksilver ooze.
You hit the rockslime but do no damage.
You are engulfed in blazing flames.
You resist.
* * * LOW HITPOINT WARNING * * *
The Royal Jelly is engulfed in blazing flames.
Flame seeps out of the Royal Jelly.
You block the quicksilver ooze's attack.
The quicksilver ooze hits you but does no damage.
You feel much better.
You are engulfed in blazing flames.
You resist.
* * * LOW HITPOINT WARNING * * *
The quicksilver ooze is engulfed in blazing flames.
You block the rockslime's attack.
The quicksilver ooze is engulfed in blazing flames.
You block the rockslime's attack.
You block the quicksilver ooze's attack.
The quicksilver ooze hits you but does no damage.
The rockslime hits you.
* * * LOW HITPOINT WARNING * * *
You hold your ground!
The rockslime hits you.
* * * LOW HITPOINT WARNING * * *
You hold your ground!
The quicksilver ooze is engulfed in blazing flames.
You feel much better.
You are engulfed in blazing flames.
You resist.
The Royal Jelly is engulfed in blazing flames.
Flame seeps out of the Royal Jelly.
The Royal Jelly shudders.
The Royal Jelly spits out another jelly.
The quicksilver ooze hits you!
* * * LOW HITPOINT WARNING * * *
You block the quicksilver ooze's attack.
The rockslime hits you!!
* * * LOW HITPOINT WARNING * * *
You are shoved backwards!
The ooze engulfing you falls away.
The quicksilver ooze is engulfed in blazing flames.
The Royal Jelly is engulfed in blazing flames.
Flame seeps out of the Royal Jelly.
The rockslime hits you!!
You die...

#..##.°○.#### *#..#.#○.☼#..##
*......°°.....# **#..........##
#.......J...## #.....○§.....#
#...GJJJ...### **** ##..GJJJJ..#
,*,* #....@JJ...# * ,,,****
##........## **** ,,,,,,****
#.#....##.# ****,**
,,,,,,,,,*#####.....### *,**,,,
........#*#..........## *,,,,,,
.......#####..........# **,,,,,
........## #......##.##****,,,,,,
.......#######...^.####.,,**,,,,,
........#..###.......#..,,*,,,,,,


You could see the Royal Jelly (inner flame), 2 acid blobs, 2 great orbs of eyes,
3 rockslimes and 4 quicksilver oozes.

Vanquished Creatures
  Vashnia (Snake:4)
  A tentacled monstrosity (Swamp:4)
  13 acid blobs
  3 rockslimes
  A nagaraja (Snake:4)
  Donald (Swamp:4)
  3 azure jellies (Slime:5)
  A very ugly thing (Swamp:4)
  6 quicksilver oozes
  An ironbound thunderhulk (D:14)
  Azrael (D:13)
  A bunyip (Swamp:3)
  2 ettins
  A green death (Swamp:4)
  Josephine (Lair:4)
  An entropy weaver (shapeshifter) (D:12)
  2 vault guards (D:14)
  A great orb of eyes (Slime:5)
  Harold (D:9)
  A salamander tyrant (Snake:4)
  10 hydras
  A ghost crab (Swamp:3)
  An ice dragon (IceCv)
  7 alligators
  A spriggan air mage (Swamp:3)
  3 centaur warriors
  4 anacondas
  8 boulder beetles
  4 two-headed ogres
  10 death yaks (Lair:5)
  A death knight (D:15)
  2 naga warriors
  6 naga sharpshooters (Snake:4)
  4 thrashing horrors (Lair:5)
  2 orc high priests (Orc:2)
  2 shock serpents
  Sonja (Lair:1)
  3 salamander mystics (Snake:4)
  A skeletal warrior (D:9)
  Amaemon (Lair:1)
  2 goliath frogs
  4 mana vipers
  A spriggan druid (Lair:2)
  Lodul (D:14)
  5 swamp dragons
  3 naga ritualists
  7 bog bodies
  A phantasmal warrior (D:14)
  A harpy (shapeshifter) (D:14)
  4 orc knights
  11 ugly things
  2 shining eyes
  5 cyclopes
  7 salamanders
  5 deep elf pyromancers
  2 orc sorcerers (Orc:2)
  A salamander (shapeshifter) (Lair:5)
  4 manticores
  3 will-o-the-wisps
  2 moths of wrath (Snake:3)
  4 elephants
  3 guardian serpents (Snake:4)
  4 kobold blastminers
  5 naga magi
  3 smoke demons (Lair:5)
  A torpor snail (Lair:4)
  3 large abominations
  24 black mambas
  2 ice statues (IceCv)
  2 orange demons
  A gargoyle (D:11)
  4 cane toads
  A kobold demonologist (D:13)
  An unseen horror (D:12)
  A freezing wraith (D:14)
  4 komodo dragons
  9 rime drakes
  A tengu conjurer (D:13)
  A polar bear (Lair:5)
  8 tyrant leeches
  6 trolls
  A wind drake (shapeshifter) (D:12)
  3 hornets
  16 blink frogs
  4 dream sheep (Lair:4)
  A glass eye (Slime:3)
  A raiju (Lair:5)
  24 slime creatures
  2 spriggans
  8 shadows
  6 wraiths
  9 small abominations (Lair:5)
  3 wyverns
  A ynoxinul (Lair:5)
  3 basilisks
  3 fire elementals (D:13)
  8 vampire mosquitoes
  6 golden eyes
  27 yaks
  A human (D:14)
  2 wargs (Orc:1)
  A chaos spawn (Lair:5)
  10 swamp worms
  13 nagas
  12 water moccasins
  3 acid dragons
  Duvessa (D:7)
  4 hell hounds (D:13)
  A meliai simulacrum (D:15)
  2 swamp drakes
  A sky beast (D:8)
  2 laughing skulls (D:13)
  24 orc warriors
  A black bear (D:11)
  An ice beast (D:4)
  17 ogres
  6 wolves (Lair:1)
  4 centaurs
  2 phantoms (D:6)
  A kobold brigand (D:9)
  Blork the orc (D:4)
  8 bullfrogs
  3 scorpions
  2 burial acolytes (Ossuary)
  5 wights
  Dowan (D:7)
  3 lindwurm simulacra (IceCv)
  7 killer bees (D:10)
  4 electric eels
  4 howler monkeys
  2 human zombies (Ossuary)
  3 komodo dragon simulacra (IceCv)
  A centaur zombie (Ossuary)
  A gnoll bouda (D:10)
  10 jellies
  2 bombardier beetles
  7 hounds
  7 orc priests
  A sleepcap (D:5)
  5 iguanas
  13 orc wizards
  2 mummies (Ossuary)
  2 howler monkey zombies (Ossuary)
  7 acid dragon simulacra (IceCv)
  8 adders
  7 gnolls
  13 white imps
  8 steam dragon simulacra (IceCv)
  2 dart slugs
  2 ribbon worms
  51 orcs
  2 bats
  7 endoplasms
  4 hobgoblins
  5 jackals (D:4)
  3 quokkas
  3 training dummies (D:8)
  2 ball pythons (D:1)
  3 frilled lizards
  5 goblins
  9 kobolds
  4 rats (D:1)
748 creatures vanquished.

Vanquished Creatures (collateral kills)
  Dissolution (Slime:2)
  Bai Suzhen (Swamp:4)
  7 acid blobs
  A thorn hunter (Swamp:4)
  4 rockslimes
  A nagaraja (Snake:4)
  2 azure jellies (Slime:5)
  The ghost of Xitaol the Ninja, an adept SpEn of Wu Jian (Snake:3)
  An orc warlord (Orc:2)
  3 quicksilver oozes
  2 bunyips (Swamp:4)
  A green death (Swamp:4)
  2 hydras (Swamp:4)
  An anaconda (Snake:4)
  2 salamander tyrants (Snake:4)
  3 naga warriors
  2 naga sharpshooters (Snake:4)
  A shock serpent (Snake:4)
  A goliath frog (Swamp:4)
  2 swamp dragons (Swamp:4)
  A naga ritualist (Snake:4)
  A mana viper (Snake:4)
  2 large abominations (Swamp:4)
  A bog body (Swamp:4)
  3 shining eyes
  2 ugly things (Swamp:4)
  A will-o-the-wisp (Swamp:4)
  6 black mambas (Snake:4)
  2 salamanders (Snake:3)
  An eye of devastation (Slime:5)
  3 naga magi (Snake:4)
  5 guardian serpents (Snake:4)
  3 hornets (Swamp:4)
  A tyrant leech (Swamp:4)
  A glass eye (Slime:5)
  6 slime creatures
  A shadow (Swamp:4)
  2 spriggans (Swamp:4)
  6 golden eyes
  3 nagas
  3 swamp worms (Swamp:4)
  A jelly (Slime:2)
94 creatures vanquished.

Vanquished Creatures (others)
  2 naga magi (Snake:4)
  A bloated husk (Swamp:2)
  12 foxfires
15 creatures vanquished.

Grand Total: 857 creatures vanquished

Notes
Turn   | Place    | Note
-------+----------+-------------------------------------------
     0 | D:1      | jagoly the Gargoyle Monk began the quest for the Orb.
     0 | D:1      | Reached XP level 1. HP: 14/14 MP: 1/1
    80 | D:1      | Reached XP level 2. HP: 18/19 MP: 2/2
   176 | D:2      | Reached skill level 1 in Armour
   188 | D:3      | Reached XP level 3. HP: 18/23 MP: 3/3
   443 | D:2      | Found a faded altar of an unknown god.
   478 | D:2      | Reached XP level 4. HP: 29/29 MP: 4/4
   572 | D:4      | Noticed Blork the orc
   587 | D:3      | Found a hazy altar of Hepliaklqana.
   747 | D:3      | Found a sacrificial altar of Ru.
   867 | D:4      | Found a sacrificial altar of Ru.
   987 | D:4      | Reached XP level 5. HP: 33/33 MP: 5/5
  1029 | D:5      | Entered Level 5 of the Dungeon
  1219 | D:4      | Killed Blork the orc
  1220 | D:4      | Reached XP level 6. HP: 29/39 MP: 6/6
  1335 | D:5      | Noticed an ice beast
  1358 | D:4      | Killed an ice beast
  1365 | D:4      | Reached skill level 5 in Axes
  1374 | D:4      | Reached XP level 7. HP: 29/44 MP: 7/7
  1410 | D:4      | Reached skill level 5 in Fighting
  1483 | D:4      | Found a glowing golden altar of the Shining One.
  1490 | D:4      | Became a worshipper of the Shining One
  1490 | D:4      | Reached * piety under the Shining One
  1490 | D:4      | Reached ** piety under the Shining One
  1741 | D:5      | Found a staircase to the Ecumenical Temple.
  1833 | D:5      | Reached XP level 8. HP: 50/51 MP: 8/8
  1980 | D:6      | Found a sand-covered staircase.
  1990 | Ossuary  | Entered an ossuary
  1990 | Ossuary  | Found a huge runed translucent gate.
  1990 | Ossuary  | Found a huge runed translucent gate.
  1990 | Ossuary  | Found a huge runed translucent gate.
  1990 | Ossuary  | Found a huge runed translucent gate.
  1990 | Ossuary  | Found a huge runed translucent gate.
  1990 | Ossuary  | Found a huge runed translucent gate.
  1990 | Ossuary  | Found a huge runed translucent gate.
  1990 | Ossuary  | Found a huge runed translucent gate.
  1990 | Ossuary  | Found a huge runed translucent gate.
  1991 | Ossuary  | Found a huge runed translucent gate.
  1991 | Ossuary  | Found a huge runed translucent gate.
  1992 | Ossuary  | Found a huge runed translucent gate.
  1992 | Ossuary  | Found a huge runed translucent gate.
  1994 | Ossuary  | Found a huge runed translucent gate.
  1994 | Ossuary  | Found a huge runed translucent gate.
  2002 | Ossuary  | Found a huge runed translucent gate.
  2002 | Ossuary  | Found a huge runed translucent gate.
  2002 | Ossuary  | Found a huge runed translucent gate.
  2002 | Ossuary  | Found a huge runed translucent gate.
  2003 | Ossuary  | Found a huge runed translucent gate.
  2003 | Ossuary  | Found a huge runed translucent gate.
  2003 | Ossuary  | Found a huge runed translucent gate.
  2005 | Ossuary  | Found a huge runed translucent gate.
  2005 | Ossuary  | Found a huge runed translucent gate.
  2006 | Ossuary  | Found a huge runed translucent gate.
  2006 | Ossuary  | Found a huge runed translucent gate.
  2007 | Ossuary  | Found a huge runed translucent gate.
  2007 | Ossuary  | Found a huge runed translucent gate.
  2017 | Ossuary  | Reached skill level 5 in Armour
  2024 | Ossuary  | Found a huge runed translucent gate.
  2024 | Ossuary  | Found a huge runed translucent gate.
  2025 | Ossuary  | Found a huge runed translucent gate.
  2025 | Ossuary  | Found a huge runed translucent gate.
  2025 | Ossuary  | Found a huge runed translucent gate.
  2025 | Ossuary  | Found a huge runed translucent gate.
  2027 | Ossuary  | Found a huge runed translucent gate.
  2056 | Ossuary  | Reached *** piety under the Shining One
  2149 | D:6      | Found a shadowy altar of Dithmenos.
  2149 | D:6      | Found a burning altar of Makhleb.
  2151 | D:6      | Found a white marble altar of Elyvilon.
  2192 | D:7      | Noticed Dowan
  2193 | D:7      | Noticed Duvessa
  2341 | D:7      | Reached XP level 9. HP: 55/56 MP: 9/9
  2362 | D:7      | Killed Duvessa
  2369 | D:7      | Killed Dowan
  2532 | D:7      | Found Yseojath's Weapon Shoppe.
  2650 | D:8      | Noticed a hornet
  2659 | D:8      | Killed a hornet
  2856 | D:10     | Entered Level 10 of the Dungeon
  2864 | D:10     | Noticed a two-headed ogre
  2917 | D:9      | Found a broken altar of Ashenzari.
  3110 | D:9      | Noticed a manticore
  3111 | D:9      | Noticed a skeletal warrior
  3121 | D:9      | Killed a manticore
  3122 | D:9      | Reached skill level 10 in Axes
  3122 | D:9      | Reached XP level 10. HP: 24/64 MP: 6/10
  3125 | D:9      | Killed a skeletal warrior
  3213 | D:9      | Noticed a kobold demonologist
  3300 | D:10     | HP: 2/64 [killer bee (7)]
  3303 | D:10     | Noticed a two-headed ogre
  3312 | D:10     | HP: 3/64 [two-headed ogre/+0 giant spiked club (4)]
  3313 | D:10     | Killed a two-headed ogre
  3425 | D:10     | Reached skill level 1 in Invocations
  3487 | D:11     | Noticed a gargoyle
  3539 | D:11     | Noticed a two-headed ogre
  3547 | D:11     | Killed a two-headed ogre
  3785 | D:10     | Killed a two-headed ogre
  3786 | D:10     | Reached XP level 11. HP: 58/68 MP: 12/12
  3806 | D:10     | You fall into a shaft and drop 2 floors!
  3840 | D:12     | Reached **** piety under the Shining One
  3880 | D:12     | Found a staircase to the Orcish Mines.
  3925 | D:12     | Noticed a manticore
  3935 | D:12     | Killed a manticore
  4168 | D:9      | Noticed Harold
  4182 | D:9      | Killed Harold
  4371 | D:8      | Found Asilexoge's Firing Range.
  4776 | D:12     | Noticed a boulder beetle
  4776 | D:12     | Noticed a boulder beetle
  4791 | D:11     | Found a staircase to the Lair.
  4827 | D:11     | Noticed a manticore
  5183 | Lair:1   | Entered Level 1 of the Lair of Beasts
  5226 | Lair:1   | Noticed Amaemon
  5259 | Lair:1   | Killed Amaemon
  5314 | Lair:1   | Reached XP level 12. HP: 22/76 MP: 13/13
  5318 | Lair:1   | Reached skill level 5 in Dodging
  5430 | Lair:2   | The Shining One protects you from harm!
  5563 | Lair:2   | Reached skill level 1 in Throwing
  5662 | Lair:2   | Found a staircase to the Swamp.
  5667 | Lair:2   | Reached ***** piety under the Shining One
  5668 | Lair:2   | Reached skill level 10 in Fighting
  5795 | Lair:3   | Found a staircase to the Snake Pit.
  5826 | Lair:3   | Found a frozen archway.
  5860 | IceCv    | Entered an ice cave
  6002 | IceCv    | Identified the +1 war axe "Demonbane" {speed, rC+ Dex+2}
  6137 | IceCv    | Reached skill level 1 in Shields
  6571 | IceCv    | Reached ****** piety under the Shining One
  6596 | IceCv    | Noticed an ice dragon
  6646 | IceCv    | Killed an ice dragon
  6650 | IceCv    | Reached skill level 5 in Shields
  6978 | Lair:4   | Noticed Josephine
  6998 | Lair:4   | Killed Josephine
  7020 | Lair:4   | Reached XP level 13. HP: 69/83 MP: 14/14
  7044 | Lair:4   | You fall into a shaft and drop 1 floor!
  7044 | Lair:5   | Entered Level 5 of the Lair of Beasts
  7116 | Lair:5   | Found a one-way gate to the infinite horrors of the Abyss.
  7116 | Lair:5   | Found a corrupted altar of Lugonu.
  7185 | Lair:5   | Got an earthy gem with 2739 turns to spare
  7400 | Lair:5   | Identified the +7 halberd of Zuackitwyi {spect, Int+7}
  7420 | Lair:5   | Reached skill level 10 in Armour
  7950 | Lair:5   | Reached skill level 10 in Shields
  7950 | Lair:5   | Gained mutation: Your large and strong wings let you fly.
                  | [Gargoyle growth]
  7950 | Lair:5   | Reached XP level 14. HP: 60/91 MP: 15/15
  7979 | Lair:5   | Reached skill level 15 in Axes
  8028 | Lair:5   | Found a viscous altar of Jiyva.
  8028 | Lair:5   | Found a staircase to the Slime Pits.
  8704 | Lair:1   | Noticed Sonja
  8734 | Lair:1   | Killed Sonja
  8875 | D:12     | Reached skill level 5 in Invocations
  9212 | D:12     | Found a runed translucent door.
  9214 | D:12     | Noticed a fire giant
  9215 | D:12     | Noticed a fire giant
  9216 | D:12     | Found a runed translucent door.
  9216 | D:12     | Found a runed translucent door.
  9314 | D:12     | Identified the +9 chain mail of the Fletcher {-Cast rElec
                  | rCorr}
  9314 | D:12     | Identified the amulet "Lerchiy" {Acrobat *Slow rPois Regen+
                  | Dex+3}
  9314 | D:12     | Identified the staff of the Chewing Tiger {rElec Str+8 Air}
  9706 | Orc:1    | Entered Level 1 of the Orcish Mines
  9958 | Orc:2    | Entered Level 2 of the Orcish Mines
  9998 | Orc:2    | Found a staircase to the Elven Halls.
 10069 | Orc:2    | Found Rivuqeik's Book Shop.
 10287 | Orc:2    | Found Cokkit's Antique Weapon Shop.
 10419 | Orc:2    | Paralysed by an orc sorcerer for 5 turns
 10601 | Orc:2    | Found Lacsesh's General Store.
 10626 | Orc:1    | Reached XP level 15. HP: 97/97 MP: 17/20
 10661 | Orc:2    | Bought a scroll of butterflies for 52 gold pieces
 10719 | Orc:2    | Paralysed by an orc sorcerer for 2 turns
 10837 | Orc:2    | Found Qocin's Antique Armour Shop.
 10841 | Orc:2    | Noticed an orc warlord
 10873 | Orc:2    | Killed an orc warlord
 10954 | Orc:2    | Bought the ring of the Tortoise {AC+8} for 1664 gold pieces
 10954 | Orc:2    | Found the ring of the Tortoise {AC+8}
 11005 | Orc:2    | Bought a fine trident for 306 gold pieces
 11005 | Orc:2    | Identified the +8 trident of the Unliving {flame, Int+4}
                  | (You bought it in a shop on level 2 of the Orcish Mines)
 11109 | D:13     | Noticed Azrael
 11144 | D:13     | Killed Azrael
 11464 | D:14     | Noticed Lodul
 11503 | D:14     | Killed Lodul
 11567 | D:15     | Entered Level 15 of the Dungeon
 11891 | D:15     | Identified the +2 helmet of the Morning Star {-Tele rF++
                  | Str+2 Dex+4}
 12013 | D:14     | Found a gate to the Vaults.
 12111 | D:14     | Reached skill level 10 in Invocations
 12396 | Snake:1  | Entered Level 1 of the Snake Pit
 12522 | Snake:3  | Found a bloodstained altar of Trog.
 12522 | Snake:3  | Noticed Xitaol's ghost (adept SpEn)
 12528 | Snake:3  | Found a transporter.
 12530 | Snake:3  | Found a transporter.
 12556 | Snake:3  | Killed Xitaol's ghost
 12605 | Snake:4  | Entered Level 4 of the Snake Pit
 12647 | Snake:4  | Noticed Vashnia
 12662 | Snake:4  | Killed Vashnia
 12692 | Snake:4  | Reached XP level 16. HP: 104/104 MP: 16/23
 12780 | Snake:4  | Found Xailadot's Weapon Shoppe.
 13312 | Snake:4  | Noticed a nagaraja
 13326 | Snake:4  | Killed a nagaraja
 13420 | Snake:4  | Noticed a nagaraja
 13429 | Snake:4  | Killed a nagaraja
 13556 | Snake:4  | Got a jade gem with 1387 turns to spare
 13583 | Snake:4  | Got a serpentine rune of Zot
 14025 | Snake:1  | Reached skill level 5 in Throwing
 14147 | Swamp:1  | Entered Level 1 of the Swamp
 14239 | Swamp:1  | Reached XP level 17. HP: 112/112 MP: 25/25
 14464 | Swamp:4  | Entered Level 4 of the Swamp
 14549 | Swamp:4  | Noticed Bai Suzhen
 14571 | Swamp:4  | Killed Bai Suzhen
 14626 | Swamp:4  | Reached skill level 15 in Fighting
 14637 | Swamp:4  | Noticed jagoly's ghost (adept GrMo)
 14639 | Swamp:4  | Found a runed translucent door.
 14639 | Swamp:4  | Noticed Donald
 14654 | Swamp:4  | Killed Donald
 14785 | Swamp:4  | Noticed a tentacled monstrosity
 14807 | Swamp:4  | Killed a tentacled monstrosity
 14940 | Swamp:4  | Got a mossy gem with 1142 turns to spare
 14942 | Swamp:4  | Got a decaying rune of Zot
 15356 | Slime:1  | Entered Level 1 of the Pits of Slime
 15385 | Slime:1  | Noticed an acid blob
 15386 | Slime:1  | Noticed an acid blob
 15395 | Slime:1  | Killed an acid blob
 15396 | Slime:1  | Reached XP level 18. HP: 108/119 MP: 20/27
 15493 | Slime:2  | Noticed Dissolution
 15512 | Slime:2  | Killed Dissolution
 15627 | Slime:4  | Gained mutation: You are clumsy. (Dex -2) [a shining eye]
 15635 | Slime:4  | Gained mutation: You are robust. (+10% HP) [a shining eye]
 15641 | Slime:4  | Gained mutation: Your magical capacity is low. (-10% MP) [a
                  | shining eye]
 15644 | Slime:4  | Lost mutation: You are robust. (+10% HP) [a shining eye]
 15645 | Slime:4  | Gained mutation: You have a somewhat thin skeletal
                  | structure. (Dex +2, Stealth+) [a shining eye]
 15648 | Slime:4  | Gained mutation: You occasionally lose the ability to drink
                  | potions when taking damage. [a shining eye]
 15650 | Slime:4  | Gained mutation: Armour fits poorly on your strangely
                  | shaped body. [a shining eye]
 15670 | Slime:5  | Entered Level 5 of the Pits of Slime
 15755 | Slime:5  | Gained mutation: You do not regenerate when monsters are
                  | visible. [a shining eye]
 15827 | Slime:5  | Lost mutation: Your magical capacity is low. (-10% MP)
                  | [potion of mutation]
 15827 | Slime:5  | Lost mutation: You do not regenerate when monsters are
                  | visible. [potion of mutation]
 15827 | Slime:5  | Lost mutation: You occasionally lose the ability to drink
                  | potions when taking damage. [potion of mutation]
 15827 | Slime:5  | Gained mutation: You have very sharp teeth. [potion of
                  | mutation]
 15827 | Slime:5  | Lost mutation: You have a somewhat thin skeletal structure.
                  | (Dex +2, Stealth+) [potion of mutation]
 15875 | Slime:5  | Gained mutation: You occasionally lose the ability to read
                  | scrolls when taking damage. [a shining eye]
 15876 | Slime:5  | Gained mutation: You sometimes lose your temper in combat.
                  | [a shining eye]
 15993 | Slime:5  | Noticed the Royal Jelly
 15998 | Slime:5  | Was placed under penance by the Shining One
 16024 | Slime:5  | Mangled by a rockslime

Illustrated notes

Levels and vault maps discovered:
D:1:      ncdulo_halloftheorcs, layout_loops_ring
D:2:      layout_rooms, basic_ecumenical_altar, kennysheep_cluttered_room,
          chequers_serial_rivers_micro_b, uniq_jessica
D:3:      layout_rooms, mainiacjoe_overflow_concentric_impassable,
          lemuel_tele_altar, uniq_crazy_yiuf_cottage
D:4:      layout_basic, tso_altar, yredelemnul_forgotten_temple_becter,
          minmay_ruined_shrine, uniq_blork_the_orc
D:5:      layout_loops_ring, minmay_temple_entry_ruins,
          nicolae_fountain_basement
D:6:      layout_rooms, gammafunk_temple_overflow_forgotten,
          nicolae_sif_muna_little_library, enter_ossuary_1
D:7:      layout_cave_pools, mainiacjoe_overflow_brackets,
          gammafunk_temple_overflow_statue, serial_shops, shop,
          serial_column_ruins, column_ruins_hut_ruined, column_ruins_hut_ruined,
          column_ruins_open_tiny, column_ruins_grid_1,
          column_ruins_columns_corner, column_ruins_corridor_corner,
          column_ruins_grid_1, column_ruins_grid_1, column_ruins_open_medium,
          uniq_duvessa
D:8:      layout_layer_cave, nicolae_shop_firing_range
D:9:      kennysheep_blocky_room, layout_basic, kennysheep_mini_moat,
          uniq_harold, uniq_prince_ribbit1
D:10:     layout_irregular_city
D:11:     layout_rooms, david_lair_generic
D:12:     minmay_the_grid_four_pointed_star_mashed
          [minmay_the_grid_triangle_9x9_fully_insulated_deathbox,
          minmay_the_grid_triangle_9x9_windchime,
          minmay_the_grid_triangle_9x9_alien,
          minmay_the_grid_triangle_9x9_wacky_v,
          minmay_the_grid_prize_shrinking_boxes], layout_basic,
          chequers_mini_garden, grunt_ministairs_14, nicolae_benzene_ring
D:13:     layout_basic, uniq_azrael
D:14:     layout_irregular_city, hellmonk_vaults_keyhole, grunt_decor_cap,
          lightli_corner_chamber, uniq_lodul
D:15:     grunt_enter_depths_magical_seal, layout_gridville,
          minmay_misc_feat_rugged, uniq_jorgrun
Lair:1:   layout_chaotic_city, nicolae_quartered_pool_little,
          chequers_serial_rivers_micro_a, cheibrodos_lair_caveside_slide,
          hangedman_lair_unloving_vines, uniq_amaemon, uniq_sonja,
          uniq_gastronok
Lair:2:   layout_gridlike, skrybe_swamp_entry_bodies, minmay_stone_trees_small,
          hellmonk_talismancer, grunt_megastairs_5
Lair:3:   layout_hall_layers, guppyfry_snake_entry_island,
          portal_ice_cave_entry_imps
Lair:4:   layout_cellular_growth, uniq_josephine
Lair:5:   hellmonk_lair_end_abyssal_woods, layout_gridlike,
          nicolae_slime_entry_slimehenge, nicolae_volcano_entry_batcave,
          serial_bayou_lagoon_a, infiniplex_staircase_pool_2
Swamp:1:  layout_basic_swamp, evilmike_swamp_ruin_house_3
Swamp:2:  layout_basic_swamp, hangedman_swamp_ruin_hall,
          nicolae_swamp_decorative_isthmus
Swamp:3:  layout_falls_marsh, serial_swamp_ruin, evilmike_swamp_ruin_house_1,
          evilmike_swamp_ruin_rubble_1, hangedman_swamp_ruin_wall,
          infiniplex_staircase_pool
Swamp:4:  swamp_vile, layout_basic_swamp, ebering_ghost_inner_flame,
          uniq_bai_suzhen, uniq_donald
Snake:1:  layout_misc_corridors
Snake:2:  layout_onion, nicolae_snake_herptile_family_reunion, uniq_aizul
Snake:3:  layout_chambers, serial_shops, nicolae_diamond_shop,
          gammafunk_ghost_wrathful_warriors, nicolae_snake_gridmaze_entwining
Snake:4:  johnstein_snake_rune_scales, layout_misc_corridors, serial_shops,
          nicolae_shop_peninsula, uniq_vashnia
Slime:1:  layout_caves
Slime:2:  nicolae_slime_jelly_donut, layout_caves, uniq_dissolution
Slime:3:  layout_caves, nicolae_slime_getting_an_eyeful
Slime:4:  layout_caves, basic_altar
Slime:5:  slime_pit_nicolae_royal_road_to_ruin
Orc:1:    layout_diamond_mine
Orc:2:    grunt_orc_gardens, layout_diamond_mine, grunt_orc_garden,
          grunt_orc_garden, grunt_orc_garden, grunt_orc_garden

Skill      XL: |  1  2  3  4  5  6  7  8  9 10 11 12 13 14 15 16 17 18 |
---------------+-------------------------------------------------------+-----
Axes           | 3 4 5 6 7 10 12 13 14 15 16 | 16.7
Armour         | 1 2 3 4 5 6 7 9 10 11 12 13 14 | 14.6
Dodging        | 3 4 5 6 8 |  8.6
Fighting       | 4 5 6 8 9 10 11 12 13 14 15 16 | 16.5
Evocations     | 2 4 |  4.0
Invocations    | 2 7 10 12 | 12.0
Throwing       | 2 5 6 |  6.0
Shields        | 6 10 11 12 13 14 | 14.6

Action                     |  1- 3 |  4- 6 |  7- 9 | 10-12 | 13-15 | 16-18 || total
---------------------------+-------+-------+-------+-------+-------+-------++-------
  Melee: Hand axe          |    79 |   101 |    35 |       |       |       ||   215
         War axe           |       |    32 |   246 |   192 |  1549 |  1249 ||  3268
         Battleaxe         |       |       |    45 |   323 |       |       ||   368
         Punch             |       |       |       |     3 |       |       ||     3
         Trident           |       |       |       |       |    19 |    79 ||    98
         Bite              |       |       |       |       |       |    27 ||    27
  Throw: Stone             |       |       |     6 |    14 |    18 |     5 ||    43
         Boomerang         |       |       |     5 |    31 |    36 |    87 ||   159
         Dart              |       |       |     7 |    40 |    49 |       ||    96
         Javelin           |       |       |       |     4 |     3 |     9 ||    16
 Invoke: Divine Shield     |       |       |     1 |     1 |    18 |     5 ||    25
         Cleansing Flame   |       |       |       |       |     5 |     4 ||     9
         Summon Divine War |       |       |       |       |     3 |    13 ||    16
  Evoke: Wand              |       |     1 |     2 |    20 |     3 |     3 ||    29
         Sack of spiders   |       |       |       |       |       |     2 ||     2
         Phantom mirror    |       |       |       |       |       |     1 ||     1
    Use: Potion            |       |       |     1 |     3 |     8 |    16 ||    28
         Scroll            |       |       |     7 |     4 |     9 |     6 ||    26
 Armour: Robe              |    16 |       |       |       |       |       ||    16
         Scale mail        |    32 |       |       |   292 |    91 |       ||   415
         Chain mail        |     3 |   117 |   341 |    45 |   279 |   855 ||  1640
         Troll leather arm |       |       |       |    76 |   170 |       ||   246
         Gold dragon scale |       |       |       |       |    19 |       ||    19
  Dodge: Dodged            |    39 |    64 |   131 |   266 |   415 |   483 ||  1398
  Block: Other             |       |       |     1 |     1 |       |       ||     2
         Kite shield       |       |       |       |    16 |   803 |  1096 ||  1915
         Buckler           |       |       |       |     6 |       |       ||     6
